 Dungeon Crawl Stone Soup version 0.21-a0-41-g5e91fef (webtiles) character file.

323801 TheGoonsmith the Brawler (level 20, -3/157 HPs)
             Began as a Demonspawn Berserker on June 2, 2017.
             Was a High Priest of Trog.
             Slain by a vault warden
             ... wielding a +3 broad axe of flaming
              (10 damage)
             ... on level 3 of the Vaults on June 4, 2017.
             The game lasted 01:54:38 (49319 turns).

TheGoonsmith the Brawler (Demonspawn Berserker)    Turns: 49319, Time: 01:54:40

Health: -3/157     AC: 22    Str: 20    XL:     20   Next: 70%
Magic:  40/40      EV: 26    Int: 16    God:    Trog [*****.]
Gold:   543        SH:  0    Dex: 15    Spells: 19/19 levels left

rFire    . . .     SeeInvis .     - Unarmed
rCold    + . .     Gourm    .   (no shield)
rNeg     + + .     Faith    .   A - +8 chain mail of the Iron City of Dis {rElec rPois MP+9}
rPois    +         Spirit   .   E - +2 helmet {Int+3}
rElec    +         Reflect  .   z - +2 cloak
rCorr    .         Harm     .   (gloves unavailable)
MR       ++++.     Clarity  +   i - +2 pair of boots
Stlth    ..........             X - amulet of the Four Winds {rN+ MR+++ Clar}
Regen    0.4/turn               L - +6 ring of evasion
MPRegen  0.3/turn               m - +4 ring of evasion

@: corroded
A: claws 3, cold resistance 1, foul stench 2, negative energy resistance 1, rot
immunity, freezing cloud immunity, sturdy frame 3
}: 2/15 runes: decaying, gossamer
a: Berserk, Trog's Hand, Brothers in Arms, Burn Spellbooks, Renounce Religion


You were on level 3 of the Vaults.
You worshipped Trog.
Trog was extremely pleased with you.
You were hungry.

You visited 6 branches of the dungeon, and saw 34 of its levels.
You also visited: Labyrinth, Ossuary and Volcano.

You collected 4151 gold pieces.
You spent 3608 gold pieces at shops.

Inventory:

Hand Weapons
 a - the +11 arbalest of Zytukur {venom, rF+}
   (You found it on level 5 of the Lair of Beasts)

   It poisons the ammo it fires.
   It protects you from fire.
Missiles
 O - 2 throwing nets (quivered)
 Y - 977 bolts
Armour
 i - a +2 pair of boots (worn)
 z - a +2 cloak (worn)
 A - the +8 chain mail of the Iron City of Dis (worn) {rElec rPois MP+9}
   (You found it on level 5 of the Dungeon)

   It insulates you from electricity.
   It protects you from poison.
   It affects your magic capacity (+9).
 E - a +2 helmet of intelligence (worn)
Jewellery
 m - a +4 ring of evasion (right claw)
 C - an uncursed ring of protection from fire
 L - a +6 ring of evasion (left claw)
 X - the amulet of the Four Winds (around neck) {rN+ MR+++ Clar}
   (You found it on level 5 of the Lair of Beasts)

   [amulet of nothing]

   It protects you from negative energy.
   It affects your resistance to hostile enchantments.
   It protects you against confusion.
Wands
 d - a wand of digging (5/24)
 o - a wand of acid (2/15)
 u - a wand of iceblast (8/15)
 y - a wand of enslavement (14/24)
 S - a wand of paralysis (8/24)
 U - a wand of acid (3/15)
 W - a wand of iceblast (8/15)
Scrolls
 g - 23 scrolls of remove curse
 h - 18 scrolls of teleportation
 n - 11 scrolls of recharging
 r - 13 scrolls of identify
 w - 5 scrolls of blinking
 B - a scroll of fear
 F - 4 scrolls of silence
 P - 2 scrolls of fog
 Z - 5 scrolls of magic mapping
Potions
 e - 8 potions of haste
 f - 5 potions of agility
 j - 8 potions of heal wounds
 k - 15 potions of curing
 t - 3 potions of flight
 v - 7 potions of cancellation
 G - 6 potions of ambrosia
 I - 2 potions of invisibility
 J - 4 potions of might
 M - 3 potions of berserk rage
 Q - 2 potions of resistance
Miscellaneous
 l - a phial of floods
 x - a phantom mirror
 H - 2 boxes of beasts
 N - a sack of spiders
 R - a fan of gales
Comestibles
 b - 3 chunks of flesh
 c - 16 bread rations
 p - 9 royal jellies


   Skills:
 + Level 13.5 Fighting
   Level 3.1 Maces & Flails
 - Level 18.0 Crossbows
 + Level 11.0 Armour
 + Level 11.3 Dodging
 + Level 18.3 Unarmed Combat
 - Level 15.0 Evocations


You had 19 spell levels left.
You didn't know any spells.

Dungeon Overview and Level Annotations

Branches:
Dungeon (15/15)            Temple (0/1) D:6            Lair (6/6) D:11
  Swamp (4/4) Lair:3       Spider (4/4) Lair:2        Slime (0/5) Lair:6
    Orc (2/2) D:12            Elf (0/3) Orc:2        Vaults (3/5) D:14
  Crypt (0/3) Vaults:2     Depths (0/5) D:15

Altars:
Elyvilon
Fedhas
Gozag
Kikubaaqudgha
Nemelex Xobeh
Okawaru
Vehumet
Wu Jian
Yredelemnul
Zin
Beogh

Shops:
D:4 %   D:11 :   Orc:2 :?!:   Vaults:1 =:*[


Innate Abilities, Weirdness & Mutations

You have claws for hands.
Your flesh is cold resistant. (rC+)
You frequently emit foul miasma when damaged in melee.
You resist negative energy. (rN+)
You are immune to rotting.
You are immune to freezing clouds.
Your movements are significantly less encumbered by armour. (ER -6)


Message History

The vault warden burns you.
* * * LOW HITPOINT WARNING * * *
You emit a cloud of foul miasma!
The vault warden hits you from afar with a bardiche!
* * * LOW HITPOINT WARNING * * *
The red ugly thing closely misses you.
You scratch the vault warden.
The vault warden is lightly wounded.
The red ugly thing claws you.
* * * LOW HITPOINT WARNING * * *
You are engulfed in flames!!
* * * LOW HITPOINT WARNING * * *
Unknown command.
The runic seals fade away.
The vault warden is engulfed in dark miasma.
The vault warden is poisoned.
The vault warden seems to slow down.
The red ugly thing basks in the mutagenic energy from its kin and changes!
The vault warden activates a sealing rune.
The vault warden hits you with a broad axe of flaming!
You die...

#...........#..#....
#....###....#..#....
#.....#.....#..#....
#...........#..#....
###+#########..#....
#.........# #..#....
#.........# #..#....
#.........# #..#....
#.†@......# #..#..:.
#.)pu.....# #..#....
#.§uy.....# #..#####
#..(p.....# #.......
#.........# #.......
#(........# ########
+..(......#
.#..(......#
..#.........#


You could see 2 vault wardens, 2 ugly things and a queen bee shaped shifter.

Vanquished Creatures
  Mara (Spider:4)
  Bai Suzhen (Swamp:3)
  the Lernaean hydra (Swamp:4)
  Nikola (Vaults:1)
  Jorgrun (Vaults:1)
  A sphinx (Vaults:3)
  A thorn hunter (Swamp:3)
  Kirke (D:15)
  A frost giant (Vaults:3)
  7 emperor scorpions (Spider:4)
  6 vault wardens
  5 ghost moths
  Aizul (Swamp:4)
  The ghost of BeReasonable the Warrior, a journeyman MiBe of Trog (Swamp:1)
  A deep elf sorcerer (Vaults:2)
  2 orc warlords
  Louise (Spider:2)
  2 very ugly things (Vaults:2)
  14 ironheart preservers
  4 entropy weavers
  2 stone giants
  A deep elf annihilator (Vaults:2)
  Nessos (D:15)
  A spark wasp (Spider:4)
  Snorg (D:10)
  2 ettins
  4 fire dragons
  Josephine (D:15)
  A minotaur (Lab)
  4 yaktaur captains
  Erolcha (Orc:1)
  22 hydras
  5 vault guards (Vaults:1)
  2 naga warriors (D:11)
  2 great orbs of eyes
  2 ice dragons
  2 ghost crabs
  8 centaur warriors
  3 catoblepae
  13 alligators
  16 two-headed ogres
  2 dancing weapons (D:14)
  5 deep troll shamans
  7 ogre magi
  A tengu warrior (D:14)
  4 death knights
  7 death yaks
  An orc high priest (Orc:2)
  2 deep troll earth magi
  6 spriggans
  Sonja (D:10)
  Urug (Orc:1)
  A deep elf knight (Vaults:2)
  A shadow wraith (D:14)
  The ghost of Spazmo the Thaumaturge, a novice DEFE of Sif Muna (D:8)
  3 skeletal warriors
  11 unseen horrors
  5 spriggan druids
  A glowing orange brain (shapeshifter) (Vaults:1)
  13 deep trolls
  5 ironbrand convokers
  A deep elf archer (Vaults:2)
  13 swamp dragons
  A wizard (Vaults:2)
  4 shambling mangroves
  2 flayed ghosts (Vaults:3)
  6 phantasmal warriors
  2 lindwurms
  The ghost of TheGoonsmith the Cudgeler, a novice VSFi of Makhleb (D:6)
  35 ugly things
  An oklob plant (Lair:4)
  32 wolf spiders
  3 deep elf magi
  21 orc knights
  16 orb spiders
  22 slime creatures
  A necromancer (Vaults:3)
  7 cyclopes
  5 orc sorcerers
  A manticore (D:11)
  9 elephants
  3 moths of wrath
  4 black mambas
  15 vault sentinels
  3 torpor snails
  2 molten gargoyles (Volcano)
  2 gargoyles (D:14)
  16 spiny frogs
  3 komodo dragons
  7 freezing wraiths
  25 yaktaurs
  An efreet (D:15)
  12 demonic crawlers
  7 trolls
  A meliai (D:11)
  2 polar bears (Lair:6)
  A queen bee (shapeshifter) (Vaults:1)
  43 jumping spiders
  A meliai (shapeshifter) (Vaults:1)
  A wolf spider simulacrum (D:14)
  18 hornets
  A wind drake (shapeshifter) (D:14)
  9 tyrant leeches
  A minotaur skeleton (Lab)
  12 blink frogs
  11 bog bodies
  A dream sheep (shapeshifter) (Vaults:3)
  A hippogriff (shapeshifter) (Vaults:2)
  9 dream sheep
  8 hippogriffs
  49 redbacks
  7 wyverns
  5 shadows
  2 hogs (D:15)
  14 wraiths
  32 yaks
  31 tarantellas
  Grum (D:9)
  7 fire bats
  A basilisk (shapeshifter) (Vaults:3)
  A hungry ghost (Lab)
  2 steam dragons
  17 vampire mosquitoes
  25 wargs
  2 soldier ants (D:13)
  22 swamp worms
  Menkaure (Ossuary)
  10 insubstantial wisps (Swamp:3)
  Duvessa (D:6)
  2 hell hounds (Volcano)
  6 water moccasins
  A water moccasin (shapeshifter) (Vaults:3)
  7 porcupines
  57 orc warriors
  21 swamp drakes
  A black bear (D:13)
  5 phantoms
  5 ice beasts
  A necrophage (D:13)
  4 sky beasts
  17 wolves
  3 boggarts (Vaults:3)
  30 ogres
  20 centaurs
  15 crocodiles
  13 bullfrogs
  6 big kobolds
  A gnoll sergeant (D:12)
  Dowan (D:6)
  An earth elemental (Lab)
  A wyvern zombie (D:14)
  A water moccasin skeleton (D:10)
  5 scorpions
  A troll zombie (Ossuary)
  18 killer bees
  An orc simulacrum (Vaults:2)
  2 troll skeletons (Lab)
  8 wights (D:11)
  9 howler monkeys
  A spriggan skeleton (Lab)
  3 electric eels
  4 crimson imps
  6 lava snakes
  3 bullfrog zombies
  3 jellies
  6 hounds
  3 centaur skeletons
  8 centaur zombies
  20 orc priests
  2 human zombies (Ossuary)
  26 orc wizards
  Jessica (D:2)
  4 bullfrog skeletons
  13 worker ants
  An ogre zombie (Ossuary)
  2 hound zombies
  6 mummies (Ossuary)
  2 worker ant zombies
  Robin (D:2)
  10 gnolls
  18 adders
  4 shadow imps
  A worm zombie (D:7)
  3 adder zombies
  2 worms
  3 dart slugs
  10 leopard geckos
  167 orcs
  4 ball pythons
  7 giant cockroaches
  14 goblins
  10 hobgoblins
  31 jackals
  9 quokkas
  9 bats
  5 frilled lizards
  4 goblin zombies (Ossuary)
  3 hobgoblin zombies (Ossuary)
  A jackal skeleton (D:7)
  A jackal zombie (D:7)
  16 kobolds
  3 kobold zombies (Ossuary)
  A leopard gecko skeleton (D:9)
  A leopard gecko zombie (D:5)
  A quokka skeleton (D:4)
  6 quokka zombies (Ossuary)
  4 rats
  5 rat zombies (Ossuary)
1589 creatures vanquished.

Vanquished Creatures (collateral kills)
  2 very ugly things (Vaults:2)
  4 hydras
  Harold (D:10)
  A death yak (Lair:5)
  A deep troll (Vaults:3)
  An orc knight (Orc:2)
  2 meliai (D:11)
  3 yaks (D:11)
  3 wargs
  An orc warrior (Orc:2)
  An ice beast (D:11)
  A big kobold (D:8)
  A killer bee (D:11)
  3 orcs
25 creatures vanquished.

Vanquished Creatures (others)
  A spiny frog (Swamp:3)
  5 humans (D:15)
  A centaur (D:15)
  A bullfrog (D:15)
  An orc priest (D:15)
  5 fungi
  12 plants
26 creatures vanquished.

Grand Total: 1640 creatures vanquished

Notes
Turn   | Place    | Note
-------+----------+-------------------------------------------
     0 | D:1      | TheGoonsmith the Demonspawn Berserker began the quest for the Orb.
     0 | D:1      | Reached XP level 1. HP: 18/18 MP: 1/1
   247 | D:1      | Gained mutation: You have sharp fingernails. [demonic ancestry]
   247 | D:1      | Reached XP level 2. HP: 24/24 MP: 2/2
   631 | D:1      | Reached skill level 1 in Unarmed Combat
   775 | D:1      | Gained mutation: You have very sharp fingernails. [demonic ancestry]
   775 | D:1      | Reached XP level 3. HP: 29/29 MP: 3/3
   900 | D:2      | Reached ** piety under Trog
  1099 | D:2      | Found a faded altar of an unknown god.
  1314 | D:2      | Gained mutation: You are immune to rotting. [demonic ancestry]
  1314 | D:2      | Reached XP level 4. HP: 32/36 MP: 4/4
  1327 | D:2      | Noticed Robin
  1690 | D:2      | Found a basalt altar of Yredelemnul.
  1766 | D:2      | Killed Robin
  1955 | D:2      | Found a sparkling altar of Nemelex Xobeh.
  1955 | D:2      | Noticed Jessica
  1960 | D:2      | Killed Jessica
  1960 | D:2      | Reached XP level 5. HP: 33/42 MP: 5/5
  2009 | D:3      | Found a blossoming altar of Fedhas.
  2422 | D:3      | Noticed a phantom
  2464 | D:2      | Reached *** piety under Trog
  2716 | D:3      | Killed a phantom
  2716 | D:3      | Gained mutation: Your movements are slightly less encumbered by armour. (ER -2) [demonic ancestry]
  2716 | D:3      | Reached XP level 6. HP: 22/49 MP: 6/6
  3775 | D:4      | Found Xamneragh's Food Boutique.
  3796 | D:4      | Reached skill level 5 in Fighting
  3799 | D:4      | Reached skill level 5 in Unarmed Combat
  3799 | D:4      | Reached XP level 7. HP: 56/56 MP: 7/7
  4020 | D:4      | Reached **** piety under Trog
  4268 | D:5      | Entered Level 5 of the Dungeon
  4570 | D:5      | Got a smoking chain mail
  4571 | D:5      | Identified the +8 chain mail of the Iron City of Dis {rElec rPois MP+9} (You found it on level 5 of the Dungeon)
  5159 | D:5      | Gained mutation: You may emit foul miasma when damaged in melee. [demonic ancestry]
  5159 | D:5      | Reached XP level 8. HP: 62/62 MP: 8/8
  5391 | D:6      | Noticed Duvessa
  5393 | D:6      | Noticed Dowan
  5400 | D:6      | Killed Duvessa
  5406 | D:6      | Killed Dowan
  5490 | D:6      | Found a staircase to the Ecumenical Temple.
  5541 | D:6      | Reached ***** piety under Trog
  5618 | D:6      | Found a glowing silver altar of Zin.
  5736 | D:6      | Noticed TheGoonsmith's ghost (novice VSFi)
  5745 | D:6      | Killed TheGoonsmith's ghost
  5745 | D:6      | Reached XP level 9. HP: 68/68 MP: 9/9
  5894 | D:6      | Reached skill level 1 in Evocations
  6155 | D:6      | Received a gift from Trog
  6516 | D:7      | Found a sand-covered staircase.
  6528 | Ossuary  | Entered an ossuary
  6859 | Ossuary  | Noticed Menkaure
  6902 | Ossuary  | Killed Menkaure
  7239 | D:7      | Received a gift from Trog
  7351 | D:7      | Reached skill level 10 in Unarmed Combat
  7448 | D:7      | Found a white marble altar of Elyvilon.
  7449 | D:7      | Found a radiant altar of Vehumet.
  7730 | D:8      | Noticed Spazmo's ghost (novice DEFE)
  7749 | D:8      | Killed Spazmo's ghost
  7749 | D:8      | Reached XP level 10. HP: 74/74 MP: 13/13
  7796 | D:8      | Found an opulent altar of Gozag.
  8054 | D:8      | Noticed a two-headed ogre
  8066 | D:8      | Killed a two-headed ogre
  8066 | D:8      | Reached skill level 5 in Evocations
  8519 | D:8      | Noticed a two-headed hydra
  8528 | D:8      | Killed a three-headed hydra
  8752 | D:9      | Noticed Grum
  8780 | D:9      | Killed Grum
  8780 | D:9      | Gained mutation: You have claws for hands. [demonic ancestry]
  8780 | D:9      | Reached XP level 11. HP: 78/83 MP: 15/15
  8845 | D:9      | Received a gift from Trog
  9261 | D:9      | Found an ancient bone altar of Kikubaaqudgha.
  9314 | D:9      | Killed an unseen horror
  9504 | D:10     | Entered Level 10 of the Dungeon
  9636 | D:10     | Found an ornate altar of the Wu Jian Council.
  9810 | D:10     | Noticed Sonja
  9821 | D:10     | Killed Sonja
  9947 | D:10     | Noticed Snorg
  9957 | D:10     | Killed Snorg
  9985 | D:10     | Noticed Harold
  9998 | D:10     | Killed Harold
 10068 | D:11     | Noticed a two-headed ogre
 10070 | D:11     | Noticed a two-headed ogre
 10078 | D:10     | Killed a two-headed ogre
 10100 | D:10     | Noticed a brown ugly thing
 10112 | D:10     | Killed a brown ugly thing
 10681 | D:11     | Found a staircase to the Lair.
 10773 | D:11     | Found Sacetta's Book Shoppe.
 10783 | D:11     | Gained mutation: Your flesh is cold resistant. (rC+) [demonic ancestry]
 10783 | D:11     | Reached XP level 12. HP: 79/95 MP: 16/16
 10843 | D:11     | HP: 4/95 [meliai/divine providence (7)]
 11409 | D:11     | Killed a two-headed ogre
 11434 | D:11     | Found a large runed door.
 11435 | D:11     | Found a large runed door.
 11439 | D:11     | Noticed a naga warrior
 11474 | D:11     | Received a gift from Trog
 11572 | D:11     | Noticed a naga warrior
 11576 | D:11     | Found an iron altar of Okawaru.
 11577 | D:11     | Found an iron altar of Okawaru.
 11590 | D:11     | Killed a naga warrior
 11590 | D:11     | Reached skill level 5 in Armour
 11608 | D:11     | Killed a naga warrior
 11880 | Lair:1   | Entered Level 1 of the Lair of Beasts
 11906 | Lair:1   | Found a labyrinth entrance.
 11920 | Lab      | Entered a labyrinth
 12173 | Lab      | Noticed a minotaur
 12183 | Lab      | Killed a minotaur
 12937 | Lair:1   | Noticed a four-headed hydra
 12947 | Lair:1   | Killed a four-headed hydra
 12947 | Lair:1   | Reached skill level 5 in Dodging
 13057 | Lair:1   | Reached skill level 10 in Fighting
 13628 | Lair:2   | Found a hole to the Spider Nest.
 13847 | Lair:2   | Gained mutation: You are immune to freezing clouds. [demonic ancestry]
 13847 | Lair:2   | Reached XP level 13. HP: 57/103 MP: 16/18
 14535 | Lair:3   | Found a staircase to the Swamp.
 15376 | Lair:3   | Reached skill level 15 in Unarmed Combat
 16981 | Lair:5   | Identified a scroll of acquirement
 17431 | Lair:5   | Found a runed door.
 17700 | Lair:5   | Got a dazzling arbalest
 17701 | Lair:5   | Identified the +11 arbalest of Zytukur {venom, rF+} (You found it on level 5 of the Lair of Beasts)
 17805 | Lair:5   | Reached skill level 1 in Crossbows
 18494 | Lair:6   | Entered Level 6 of the Lair of Beasts
 18618 | Lair:6   | Gained mutation: Your movements are less encumbered by armour. (ER -4) [demonic ancestry]
 18618 | Lair:6   | Reached XP level 14. HP: 38/113 MP: 19/19
 19236 | Lair:6   | Found a staircase to the Slime Pits.
 19276 | Lair:6   | Gained mutation: You frequently emit foul miasma when damaged in melee. [demonic ancestry]
 19276 | Lair:6   | Reached XP level 15. HP: 119/119 MP: 20/20
 19824 | D:12     | Received a gift from Trog
 20043 | D:12     | Noticed an orc warlord
 20110 | D:12     | Killed an orc warlord
 20870 | D:12     | Found a staircase to the Orcish Mines.
 21095 | D:12     | Received a gift from Trog
 21375 | Orc:1    | Entered Level 1 of the Orcish Mines
 21375 | Orc:1    | Noticed Urug
 21375 | Orc:1    | Noticed an orc warlord
 21382 | Orc:1    | Killed Urug
 21393 | Orc:1    | Killed an orc warlord
 21524 | Orc:1    | Found a dark tunnel.
 21537 | Volcano  | Entered a volcano
 21922 | Volcano  | Found a bloodstained altar of Trog.
 22187 | Orc:1    | Noticed Erolcha
 22187 | Orc:1    | Found a roughly hewn altar of Beogh.
 22214 | Orc:1    | Killed Erolcha
 22442 | Orc:2    | Entered Level 2 of the Orcish Mines
 22601 | Orc:2    | Found a staircase to the Elven Halls.
 23365 | Orc:2    | Received a gift from Trog
 23753 | Orc:2    | Found a roughly hewn altar of Beogh.
 23970 | Orc:2    | Found Naviuvef's Distillery.
 23970 | Orc:2    | Found Eplenuy's Book Shoppe.
 23992 | Orc:2    | Bought a potion of degeneration for 16 gold pieces
 24138 | Orc:2    | Found Iklotethru's Book Shop.
 24138 | Orc:2    | Found Nene's Magic Scroll Shoppe.
 24430 | Orc:2    | Received a gift from Trog
 24902 | Orc:2    | Bought a manual of Evocations for 1876 gold pieces
 24911 | Orc:2    | Bought a potion of agility for 64 gold pieces
 24911 | Orc:2    | Bought 2 potions of curing for 96 gold pieces
 24911 | Orc:2    | Bought a potion of might for 64 gold pieces
 24911 | Orc:2    | Bought a potion of invisibility for 128 gold pieces
 24911 | Orc:2    | Bought a potion of invisibility for 128 gold pieces
 24942 | Orc:2    | Bought 2 scrolls of silence for 210 gold pieces
 24942 | Orc:2    | Bought a scroll of enchant armour for 105 gold pieces
 24942 | Orc:2    | Bought a scroll of identify for 28 gold pieces
 24942 | Orc:2    | Bought a scroll of identify for 28 gold pieces
 24942 | Orc:2    | Bought a scroll of identify for 28 gold pieces
 25264 | D:13     | Found a sparkling altar of Nemelex Xobeh.
 25328 | D:13     | Reached ****** piety under Trog
 25328 | D:13     | Reached XP level 16. HP: 125/125 MP: 21/21
 25774 | D:14     | Reached skill level 10 in Crossbows
 26145 | D:14     | Found a gate to the Vaults.
 26152 | D:14     | Received a gift from Trog
 27074 | D:15     | Entered Level 15 of the Dungeon
 27108 | D:15     | Noticed Josephine
 27121 | D:15     | Killed Josephine
 27558 | D:15     | Noticed Kirke
 27562 | D:15     | Received a gift from Trog
 27569 | D:15     | Killed Kirke
 27793 | D:15     | Noticed Nessos
 27804 | D:15     | Killed Nessos
 28223 | D:15     | Found a staircase to the Depths.
 28394 | Lair:1   | Upgraded the game from 0.21-a0-40-ge4214e1 to 0.21-a0-41-g5e91fef
 28438 | Spider:1 | Entered Level 1 of the Spider Nest
 28918 | Spider:1 | Reached skill level 10 in Evocations
 29908 | Spider:2 | Received a gift from Trog
 30163 | Spider:2 | Reached XP level 17. HP: 123/131 MP: 25/25
 30914 | Spider:2 | HP: 6/131 [jumping spider (6)]
 31765 | Spider:3 | Noticed Louise
 31862 | Spider:3 | Received a gift from Trog
 32109 | Spider:2 | Killed Louise
 33019 | Spider:4 | Entered Level 4 of the Spider Nest
 33447 | Spider:4 | Noticed Mara
 33451 | Spider:4 | Noticed TheGoonsmith's illusion
 33819 | Spider:4 | Received a gift from Trog
 34705 | Spider:4 | Noticed TheGoonsmith's illusion
 34729 | Spider:4 | Noticed TheGoonsmith's illusion
 34734 | Spider:4 | Killed Mara
 35161 | Spider:4 | Reached skill level 15 in Evocations
 36051 | Spider:4 | Got a gossamer rune of Zot
 36368 | Swamp:1  | Entered Level 1 of the Swamp
 36377 | Swamp:1  | Reached XP level 18. HP: 127/138 MP: 29/29
 36547 | Swamp:1  | Noticed BeReasonable's ghost (journeyman MiBe)
 36566 | Swamp:1  | Killed BeReasonable's ghost
 36719 | Swamp:1  | Reached skill level 15 in Crossbows
 36921 | Swamp:1  | Received a gift from Trog
 37634 | Swamp:2  | Received a gift from Trog
 38206 | Swamp:3  | Received a gift from Trog
 38841 | Swamp:3  | Noticed Bai Suzhen
 38861 | Swamp:3  | Killed Bai Suzhen
 39782 | Swamp:3  | Received a gift from Trog
 40101 | Swamp:4  | Entered Level 4 of the Swamp
 40225 | Swamp:4  | Noticed Aizul
 40241 | Swamp:4  | Killed Aizul
 41146 | Swamp:4  | Noticed the 27-headed Lernaean hydra
 41156 | Swamp:4  | Got a decaying rune of Zot
 41666 | Swamp:4  | Killed the 27-headed Lernaean hydra
 42056 | Swamp:4  | Received a gift from Trog
 42458 | Swamp:2  | Gained mutation: You resist negative energy. (rN+) [demonic ancestry]
 42458 | Swamp:2  | Reached XP level 19. HP: 144/144 MP: 30/30
 42759 | Vaults:1 | Entered Level 1 of the Vaults
 42905 | Vaults:1 | Received a gift from Trog
 43179 | Vaults:1 | Noticed Nikola
 43189 | Vaults:1 | Killed Nikola
 43213 | Vaults:1 | Received a gift from Trog
 43239 | Vaults:1 | Found Feetyze's Jewellery Shop.
 43517 | Vaults:1 | Received a gift from Trog
 43651 | Vaults:1 | Noticed Jorgrun
 43659 | Vaults:1 | Killed Jorgrun
 43869 | Vaults:1 | Received a gift from Trog
 44332 | D:14     | Received a gift from Trog
 44453 | Vaults:1 | Found Neluper's Book Boutique.
 44502 | Vaults:1 | Found Miyb's Antique Armour Boutique.
 44503 | Vaults:1 | Found Sudec's Assorted Antiques.
 44529 | Vaults:1 | Bought a glowing helmet for 277 gold pieces
 44543 | Vaults:1 | Bought a box of beasts for 560 gold pieces
 45735 | Vaults:2 | Reached skill level 10 in Dodging
 45768 | Vaults:2 | Received a gift from Trog
 46055 | Vaults:2 | Received a gift from Trog
 46218 | Vaults:2 | Got an ancient tin ring
 46219 | Vaults:2 | Identified the ring "Mapp" {rF- rN+++ Str+8 Slay-3 SInv} (You found it on level 2 of the Vaults)
 46521 | Vaults:2 | Gained mutation: Your movements are significantly less encumbered by armour. (ER -6) [demonic ancestry]
 46521 | Vaults:2 | Reached XP level 20. HP: 99/154 MP: 31/31
 46633 | Vaults:2 | Reached skill level 10 in Armour
 47203 | Vaults:2 | Found a staircase to the Crypt.
 47203 | Vaults:2 | Found an ancient bone altar of Kikubaaqudgha.
 47204 | Vaults:2 | Found a basalt altar of Yredelemnul.
 47298 | Vaults:2 | Received a gift from Trog
 47604 | Vaults:3 | Received a gift from Trog
 48274 | Vaults:3 | Received a gift from Trog
 48557 | Vaults:3 | Received a gift from Trog
 48797 | Vaults:3 | Received a gift from Trog
 49260 | Vaults:3 | Received a gift from Trog
 49318 | Vaults:3 | HP: 7/157 [red ugly thing (18)]
 49319 | Vaults:3 | Slain by a vault warden

Vault maps used:
D:1:      dpeg_arrival_line_fractal
D:2:      marbit_many_paths, first_bread,
          chequers_ecumenical_altar_simple_redux, nemelex_lonely_heart_becter,
          uniq_robin
D:3:      fedhas_altar_3
D:4:      serial_shops, shop, grunt_tough_drop
D:5:      st_stairs_5
D:6:      zin_academy, minmay_temple_entry_mist, grunt_ministairs_6,
          uniq_duvessa
D:7:      gammafunk_temple_overflow_statue, enter_ossuary_3,
          grunt_ministairs_14, minivault_24, kennysheep_generic_room_6
D:8:      nicolae_overflow_crystal_walls, hangedman_ranch
D:9:      nicolae_overflow_hidden_temple, uniq_grum
D:10:     basic_altar, uniq_snorg, uniq_sonja, uniq_harold
D:11:     okawaru_arena_lexackson, erik_lair_orcish_takeover, serial_shops,
          nicolae_shop_temple_entry_statues_fountains, hangedman_glass_teeth
D:12:     lemuel_castle_with_subvaults, kennysheep_orc_monster_closet_entryway
D:13:     nemelex_diamond_rough_becter
D:14:     minmay_ambush_box, erik_vaults_1, roderic_lattice_octagonal_star
D:15:     grunt_enter_depths_snipers, serial_bayou_pond_b, uniq_nessos,
          uniq_kirke, uniq_josephine
Lair:1:   lab_entry_generic
Lair:2:   spider_nest_entry_rubble, small_statue_intersection, st_stairs_7,
          grunt_megastairs_5
Lair:3:   swamp_mist_pool
Lair:4:   infiniplex_staircase_pool
Lair:5:   pf_torpor_hydra
Lair:6:   grunt_lair_end_beastmaster, slime_dummy
Swamp:1:  nicolae_swamp_treefoil
Swamp:2:  hangedman_swamp_cone, swamp_pool5
Swamp:3:  evilmike_swamp_ruin_house_1, swamp_pool5, uniq_bai_suzhen
Swamp:4:  swamp_basic_johnstein, hangedman_swamp_blocks, swamp_pool2, uniq_aizul
Spider:2: nicolae_spider_mines_3
Spider:3: uniq_louise
Spider:4: grunt_spider_rune_circles, uniq_mara
Orc:1:    basic_altar, nicolae_volcano_entry_batcave, uniq_erolcha, uniq_urug
Orc:2:    st_orc_town, minmay_orc_barracks
Vaults:1: v_alt_pattern_1, nicolae_vaults_asterisk, v_misc_1,
          ontoclasm_vaults_idyll, v_rooms_5, nicolae_vaults_three_branches,
          v_pattern_2, vaults_room_guarded_vault, grunt_vaults_swirl,
          v_alt_pattern_2, nicolae_vaults_circle_grid_a,
          nicolae_vaults_little_squares_1, nicolae_vaults_diagonal_hallway_6,
          ontoclasm_vaults_pinch, serial_shops, shop, shop, shop, shop,
          uniq_jorgrun, uniq_nikola
Vaults:2: v_misc_14, grunt_vaults_bifocal, vaults_room_semicircle, v_misc_29,
          minmay_crypt_entry_necro_gods, vaults_mumra_minichess_inversion,
          ontoclasm_vaults_eye, nicolae_vaults_little_squares_4,
          vaults_standard_mumra_enter_the_diamond
Vaults:3: v_misc_8, nicolae_vaults_ninety_degrees, nicolae_vaults_network_star,
          st_lines, nicolae_vaults_little_squares_4,
          vaults_standard_mumra_enter_the_diamond, grunt_vaults_funnel,
          vaults_room_grid, ontoclasm_vaults_hangar,
          nicolae_vaults_border_crossing, dpeg_vaults_monster_box,
          uniq_frederick
Lab:      nicolae_lab_quarters, lab_block, nicolae_lab_starburst,
          nicolae_lab_arrow
Ossuary:  ossuary_boxes_badplayer
Volcano:  volcano_lake

Skill      XL: |  1  2  3  4  5  6  7  8  9 10 11 12 13 14 15 16 17 18 19 20 |
---------------+-------------------------------------------------------------+-----
Maces & Flails | 3 |  3.1
Unarmed Combat | 1 2 3 4 5 6 8 10 12 14 15 16 17 18 | 18.3
Fighting       | 4 5 6 9 10 11 12 13 | 13.5
Armour         | 2 3 4 5 7 8 9 11 | 11.0
Dodging        | 3 5 6 7 8 10 11 | 11.3
Evocations     | 4 5 7 11 15 | 15.0
Crossbows      | 3 7 9 12 14 17 18 | 18.0

Action                   |  1- 3 |  4- 6 |  7- 9 | 10-12 | 13-15 | 16-18 | 19-21 || total
-------------------------+-------+-------+-------+-------+-------+-------+-------++-------
Melee: Mace              |    95 |   134 |       |       |       |       |       ||   229
       Punch             |     2 |     1 |     8 |    38 |    85 |   125 |    68 ||   327
       Unarmed           |       |   119 |   453 |   739 |  1060 |  1644 |   643 ||  4658
       Great mace        |       |       |       |     4 |    19 |       |       ||    23
       Arbalest          |       |       |       |       |       |     1 |       ||     1
 Fire: Arbalest          |       |       |       |       |   124 |   482 |   508 ||  1114
Invok: Berserk           |     2 |     4 |     3 |     4 |     4 |     6 |     1 ||    24
       Trog's Hand       |       |     2 |     1 |     3 |     4 |     2 |     3 ||    15
       Burn Spellbooks   |       |       |     1 |     1 |     1 |     3 |     2 ||     8
       Brothers in Arms  |       |       |       |     6 |     8 |     5 |     3 ||    22
Evoke: Wand              |       |       |       |       |     1 |     7 |     2 ||    10
  Use: Potion            |     1 |       |       |     2 |     2 |     2 |     2 ||     9
       Scroll            |       |    15 |    12 |    15 |     9 |     5 |     2 ||    58
 Stab: Sleeping          |     4 |       |       |       |       |       |       ||     4
       Distracted        |       |     1 |       |       |       |       |       ||     1
       Petrified         |       |       |       |       |     1 |       |       ||     1
       Confused          |       |       |       |       |       |     1 |       ||     1
       Invisible         |       |       |       |       |       |     1 |       ||     1
  Eat: Chunk             |     3 |    11 |    22 |    19 |    29 |    32 |    19 ||   135
       Fruit             |       |       |       |     2 |       |     2 |       ||     4
       Meat ration       |       |       |       |     1 |     2 |     2 |     1 ||     6
       Bread ration      |       |       |       |       |     2 |     1 |       ||     3
       Royal jelly       |       |       |       |       |       |     7 |       ||     7
Armor: Animal skin       |    12 |    20 |       |       |       |       |       ||    32
       Chain mail        |       |    98 |   199 |   404 |   372 |   948 |   270 ||  2291
Dodge: Dodged            |    61 |   121 |   188 |   533 |  1027 |  2114 |   751 ||  4795
